 Dungeon Crawl Stone Soup version 0.28-a0-1190-g77e1c55843 (webtiles) character file.

Game seed: 7240325076196772634

14733 Lavandula the Grappler (level 12, -7/71 (78) HPs)
             Began as a Formicid Transmuter on Dec 18, 2021.
             Was an Elder of Ru.
             Mangled by a centaur warrior (14 damage)
             ... on level 14 of the Dungeon.
             The game lasted 00:30:56 (15561 turns).

Lavandula the Grappler (Formicid Transmuter)       Turns: 15561, Time: 00:30:57

HP:   -7/71 (78)    AC:  2    Str: 16    XL:     12   Next: 48%
MP:   17/27         EV: 19    Int: 17    God:    Ru [****..]
Gold: 593           SH:  0    Dex: 16    Spells: 7/34 levels left

rFire   + . .      SeeInvis .     - Unarmed
rCold   x . .      Faith    .   (shield currently unavailable)
rNeg    . . .      Spirit   .   (armour currently unavailable)
rPois   x          Reflect  .   (helmet unavailable)
rElec   .          Harm     .   (cloak currently unavailable)
rCorr   .          Rampage  .   (gloves currently unavailable)
Will    +....                   (boots currently unavailable)
Stlth   +.........              z - amulet of regeneration
HPRegen 1.01/turn               E - ring of fire
MPRegen 0.20/turn               (no ring)

@: exhausted, spider-form, contaminated, glowing, drained
A: venomous fangs, permanent stasis, dig shafts and tunnels, tiny, (antennae 3),
inability to use devices, inability to train armour, four strong arms
a: End Transformation, Renounce Religion, Draw Out Power, Power Leap


You were on level 14 of the Dungeon.
You worshipped Ru.
Ru was greatly pleased with you.
You were a venomous arachnid creature.
You visited 2 branches of the dungeon, and saw 14 of its levels.
You also visited: Ossuary.

You collected 1013 gold pieces.
You spent 420 gold pieces at shops.

Inventory:

Hand Weapons
 A - the +4 falchion of Doom {drain, rElec rF- Str+8 Dex+4}
   (You took it off an orc priest on level 6 of the Dungeon)

   A truly terrible weapon, it drains the life of any living foe it strikes.
   Str:       It affects your strength (+8).
   Dex:       It affects your dexterity (+4).
   rF:        It makes you vulnerable to fire.
   rElec:     It insulates you from electricity.
Missiles
 c - 6 boomerangs (quivered)
 H - 8 javelins
 R - 5 curare-tipped darts
Armour
 l - a +0 pair of boots (melded)
 r - a +0 robe of positive energy
 B - a +1 leather armour of fire resistance (melded)
 J - +0 steam dragon scales
 K - +0 acid dragon scales
 L - a +2 buckler of poison resistance
 P - a +0 troll leather armour
 Q - a +0 pair of gloves
Jewellery
 h - a ring of ice
 y - an amulet of reflection
 z - an amulet of regeneration (around neck)
 E - a ring of fire (left front leg)
 G - a ring of positive energy
 I - a ring of poison resistance
Scrolls
 b - 6 scrolls of fear
 d - 2 scrolls of enchant weapon {unknown}
 e - 2 scrolls of brand weapon {unknown}
 i - a scroll of immolation
 j - 6 scrolls of teleportation {unknown}
 n - 3 scrolls of holy word {unknown}
 p - 4 scrolls of fog {unknown}
 v - a scroll of amnesia {unknown}
 w - a scroll of enchant armour {unknown}
 C - 3 scrolls of summoning {unknown}
 M - 2 scrolls of identify
 O - a scroll of acquirement {unknown}
Potions
 a - 3 potions of flight
 f - 2 potions of attraction
 g - 8 potions of curing
 k - 6 potions of ambrosia
 m - a potion of cancellation {unknown}
 o - 3 potions of might {unknown}
 q - a potion of berserk rage {unknown}
 s - a potion of mutation {unknown}
 t - 2 potions of lignification {unknown}
 u - a potion of resistance {unknown}
 x - 3 potions of haste {unknown}
 D - 5 potions of heal wounds {unknown}
 F - 5 potions of degeneration {unknown}
 N - a potion of brilliance {unknown}


   Skills:
 - Level 2.0 Fighting
 - Level 1.7 Dodging
 - Level 13.1 Unarmed Combat
 - Level 11.6 Spellcasting
 - Level 4.1 Conjurations
 + Level 5.6 Transmutations
 - Level 4.0 Ice Magic
 - Level 6.0 Poison Magic


You had 7 spell levels left.
You knew the following spells:

 Your Spells              Type           Power      Damage    Failure   Level
a - Beastly Appendage     Tmut           58%        N/A       4%          1
b - Wereblood             Tmut           29%        N/A       5%          2
c - Spider Form           Tmut/Pois      29%        N/A       8%          3
d - Mephitic Cloud        Conj/Pois/Air  21%        N/A       16%         3
e - Ice Form              Ice/Tmut       26%        N/A       24%         4
f - Ignite Poison         Fire/Tmut/Pois 34%        N/A       13%         3
g - Apportation           Tloc           18%        N/A       21%         1
h - Alistair's Intoxicat  Tmut/Pois      19%        N/A       38%         5
i - Yara's Violent Unrav  Hex/Tmut       9%         3d6       75%         5

Your spell library contained the following spells:

 Spells                   Type           Power      Damage    Failure   Level
 Magic Dart               Conj           92%        1d7       6%          1
 Ozocubu's Armour         Ice            23%        N/A       13%         3
 Call Imp                 Summ           9%         N/A       26%         2
 Corpse Rot               Necr/Air       18%        N/A       26%         2
 Tukima's Dance           Hex            9%         N/A       43%         3
 Freezing Cloud           Conj/Ice/Air   9%         6-21      75%         5
 Dispel Undead            Necr           9%         3d8       78%         4
 Passage of Golubria      Tloc           9%         N/A       78%         4
 Metabolic Englaciation   Hex/Ice        8%         N/A       83%         5
 Death Channel            Necr           4%         N/A       100%        6
 Simulacrum               Ice/Necr       8%         N/A       100%        6


Dungeon Overview and Level Annotations

Branches:
Dungeon (12/15)            Temple (1/1) D:4            Lair (0/6) D:11
    Orc (0/2) D:9         Ossuary (visited)

Altars:
Ashenzari
Cheibriados
Dithmenos
Elyvilon
Fedhas
Gozag
Hepliaklqana
Kikubaaqudgha
Makhleb
Nemelex Xobeh
Okawaru
Qazlal
Ru
Sif Muna
Trog
Uskayaw
Vehumet
Wu Jian
Xom
Yredelemnul
Zin
The Shining One
Beogh

Shops:
D:8 =

Annotations:
D:12 Rupert


Innate Abilities, Weirdness & Mutations

You are a venomous arachnid creature.
You have poisonous fangs.
You are tiny and dextrous.
Your spellcasting is less reliable in this form.
Your armour is entirely melded.
You are incapable of wielding weapons or throwing items.
You cannot be hasted, slowed, berserked, paralysed or teleported.
You can dig through walls and to a lower floor.
((You have a pair of large antennae on your head. (SInv)))
You cannot study or use magical devices.
You cannot train Armour skill.
Your four strong arms can wield two-handed weapons with a shield.


Message History

The centaur warrior completely misses you.
The centaur warrior misses you. The centaur closely misses you.
The centaur kicks you but does no damage.
The centaur wields a +0 shortbow.
The centaur shoots an arrow.
The arrow hits you!
The centaur warrior completely misses you.
The centaur warrior kicks you.
You cannot evoke magical items.
Unknown command.
Casting: Wereblood (safe; 5% risk of failure)
Confirm with . or Enter, or press ? or * to list all spells.
The spell is quite dangerous to miscast (38% risk of failure)!
Continue anyway?
Casting: Alistair's Intoxication (quite dangerous; 38% risk of failure)
Press: ? - help, Dir - look around, f - activate You miscast Alistair's Intoxication.
You are very lightly contaminated with residual magic.
You feel very strange.
You are lightly contaminated with residual magic.
The centaur hits you. The centaur misses you. The centaur warrior hits you.
* * * LOW HITPOINT WARNING * * *
The centaur warrior kicks you.
* * * LOW HITPOINT WARNING * * *
Unknown command.
Casting: Alistair's Intoxication (quite dangerous; 38% risk of failure)
Confirm with . or Enter, or press ? or * to list all spells.
The spell is quite dangerous to miscast (38% risk of failure)!
Continue anyway?
Casting: Alistair's Intoxication (quite dangerous; 38% risk of failure)
Press: ? - help, Dir - look around, f - activate You miscast Alistair's Intoxication.
You are contaminated with residual magic.
Your body is twisted painfully.
The centaur is no longer moving slowly.
The centaur hits you.
* * * LOW HITPOINT WARNING * * *
The centaur barely misses you. The centaur warrior hits you!
* * * LOW HITPOINT WARNING * * *
The centaur warrior closely misses you. The centaur closely misses you.
The centaur kicks you.
* * * LOW HITPOINT WARNING * * *
The centaur warrior hits you!
You die...

{{{{#.......#
{{{{#..>.^.)#
{{{{#.......#
{{{{#.......#
###.......+
#....)....#
#.........#
###'##cc###
#..##s#
#....c#
#.....#
#.._.P#
#..PP.#
#.P.P.#
#..##.# ##.
..#


You could see a centaur warrior and 2 centaurs.

Vanquished Creatures
  Erolcha (D:9)
  A hydra (D:11)
  Urug (D:11)
  3 two-headed ogres
  Sonja (D:11)
  A cyclops (D:12)
  2 manticores
  Joseph (D:7)
  An unseen horror (D:12)
  2 gargoyles
  2 komodo dragons
  2 trolls
  3 slime creatures
  The ghost of anet the Conjurer, an amateur DECj (D:4)
  Sigmund (D:4)
  10 yaks
  A shadow (D:12)
  A vampire (D:11)
  3 steam dragons
  2 wargs (D:9)
  2 acid dragons
  4 orc warriors
  An ice beast (D:5)
  An ogre (D:4)
  7 centaurs
  A phantom (D:6)
  3 kobold brigands
  8 bullfrogs
  3 gnoll sergeants
  2 scorpions
  A water moccasin zombie (D:4)
  3 killer bees (D:9)
  7 wights
  9 howler monkeys
  2 centaur zombies
  A hound (D:5)
  2 jellies
  6 orc priests
  A centaur skeleton (D:6)
  A bullfrog skeleton (D:5)
  An iguana (D:6)
  9 orc wizards
  8 mummies (Ossuary)
  10 adders
  15 gnolls
  A howler monkey skeleton (D:7)
  An adder zombie (D:4)
  2 worms
  3 dart slugs
  45 orcs
  6 bats
  5 bat zombies (D:6)
  7 endoplasms
  A giant cockroach (D:2)
  8 goblins
  5 hobgoblins
  5 jackals
  17 kobolds
  3 quokkas
  4 ball pythons
  A frilled lizard (D:2)
  A gnoll zombie (D:7)
  3 hobgoblin zombies (Ossuary)
  3 kobold zombies (Ossuary)
  2 orc zombies (Ossuary)
  6 rats
  A rat zombie (D:6)
278 creatures vanquished.

Vanquished Creatures (others)
  An orc priest (D:9)
  An orc (D:9)
  4 fungi (D:14)
  7 plants
13 creatures vanquished.

Grand Total: 291 creatures vanquished

Notes
Turn   | Place    | Note
-------+----------+-------------------------------------------
     0 | D:1      | Lavandula the Formicid Transmuter began the quest for the
                  | Orb.
     0 | D:1      | Reached XP level 1. HP: 15/15 MP: 3/3
   123 | D:1      | Found a faded altar of an unknown god.
   466 | D:1      | Reached XP level 2. HP: 14/21 MP: 3/5
   473 | D:1      | Learned a level 2 spell: Wereblood
  1269 | D:1      | Reached skill level 4 in Unarmed Combat
  1269 | D:1      | Reached XP level 3. HP: 25/26 MP: 4/6
  1273 | D:1      | Learned a level 3 spell: Spider Form
  2016 | D:2      | Found an ornate altar of the Wu Jian Council.
  2144 | D:2      | Reached XP level 4. HP: 32/32 MP: 5/7
  2632 | D:2      | Reached XP level 5. HP: 28/37 MP: 5/8
  2951 | D:2      | Reached skill level 1 in Poison Magic
  3881 | D:3      | Found a blossoming altar of Fedhas.
  3900 | D:3      | Learned a level 1 spell: Apportation
  4138 | D:4      | Found a staircase to the Ecumenical Temple.
  4197 | Temple   | Entered the Ecumenical Temple
  4404 | D:4      | Noticed Sigmund
  4415 | D:4      | Reached XP level 6. HP: 42/43 MP: 1/9
  4424 | D:4      | Killed Sigmund
  4425 | D:4      | Reached skill level 5 in Transmutations
  4425 | D:4      | Reached skill level 5 in Unarmed Combat
  4574 | D:4      | Found a runed translucent gate.
  4574 | D:4      | Found a runed translucent gate.
  4574 | D:4      | Found a runed translucent gate.
  4574 | D:4      | Noticed anet's ghost (amateur DECj)
  4576 | D:4      | Found a basalt altar of Yredelemnul.
  4591 | D:4      | Reached XP level 7. HP: 37/48 MP: 7/10
  4772 | D:4      | Found a bloodstained altar of Trog.
  5144 | D:5      | Entered Level 5 of the Dungeon
  5655 | D:4      | Learned a level 4 spell: Ice Form
  6220 | D:5      | Reached skill level 5 in Spellcasting
  6220 | D:5      | Reached XP level 8. HP: 51/54 MP: 8/15
  6309 | D:6      | Reached skill level 6 in Unarmed Combat
  6494 | D:6      | Reached skill level 7 in Unarmed Combat
  7157 | D:6      | Identified the +4 falchion of Doom {drain, rElec rF- Str+8
                  | Dex+4}
  7162 | D:6      | Reached skill level 8 in Unarmed Combat
  7415 | D:6      | Found a sacrificial altar of Ru.
  7598 | D:6      | Reached XP level 9. HP: 45/59 MP: 4/16
  7958 | D:6      | Reached skill level 1 in Ice Magic
  8048 | D:6      | Found an ancient bone altar of Kikubaaqudgha.
  8071 | D:6      | Became a worshipper of Ru the Awakened
  8638 | D:7      | Noticed a slime creature
  8638 | D:7      | Noticed a slime creature
  8693 | D:7      | Noticed a slime creature
  8987 | D:7      | Killed a slime creature
  8991 | D:7      | Found a sand-covered staircase.
  9004 | Ossuary  | Entered an ossuary
  9178 | Ossuary  | Reached skill level 9 in Unarmed Combat
  9820 | D:7      | Noticed Joseph
  9846 | D:7      | Killed Joseph
  9847 | D:7      | Reached skill level 10 in Unarmed Combat
 10370 | D:8      | Gained mutation: You cannot study or use magical devices.
                  | [Ru sacrifice]
 10370 | D:8      | Reached * piety under Ru
 10370 | D:8      | Reached ** piety under Ru
 10584 | D:8      | Found Nomnounino's Jewellery Emporium.
 10589 | D:8      | Bought an amulet of regeneration for 420 gold pieces
 10661 | D:8      | Found a hazy altar of Hepliaklqana.
 10671 | D:8      | Reached XP level 10. HP: 65/65 MP: 11/17
 10673 | D:8      | Reached skill level 11 in Unarmed Combat
 10683 | D:8      | Reached skill level 12 in Unarmed Combat
 10793 | D:8      | Found an iron altar of Okawaru.
 11489 | D:9      | Found a staircase to the Orcish Mines.
 11511 | D:9      | Reached skill level 13 in Unarmed Combat
 11519 | D:9      | Found a sparkling altar of Nemelex Xobeh.
 11529 | D:9      | Learned a level 3 spell: Mephitic Cloud
 11533 | D:9      | Learned a level 3 spell: Ignite Poison
 11571 | D:9      | Found a stormy altar of Qazlal.
 11626 | D:9      | Noticed Erolcha
 11632 | D:9      | Killed Erolcha
 11689 | D:9      | Reached XP level 11. HP: 55/72 MP: 20/20
 12309 | D:6      | Learned a level 5 spell: Alistair's Intoxication
 12388 | D:4      | Killed anet's ghost
 12521 | D:10     | Entered Level 10 of the Dungeon
 12607 | D:10     | Found a hide-covered altar of Uskayaw.
 12766 | D:10     | Learned a level 5 spell: Yara's Violent Unravelling
 12922 | D:10     | Gained mutation: You cannot train Armour skill. [Ru
                  | sacrifice]
 12922 | D:10     | Reached *** piety under Ru
 12922 | D:10     | Reached **** piety under Ru
 13316 | D:11     | Noticed Urug
 13591 | D:11     | Noticed a two-headed ogre
 13593 | D:11     | Noticed a seven-headed hydra
 13617 | D:10     | Killed a two-headed ogre
 13618 | D:10     | Reached skill level 10 in Spellcasting
 13877 | D:11     | Killed Urug
 14065 | D:11     | Noticed a two-headed ogre
 14097 | D:11     | Killed a two-headed ogre
 14325 | D:11     | Killed a seven-headed hydra
 14326 | D:11     | Reached XP level 12. HP: 78/78 MP: 12/27
 14431 | D:11     | Noticed a two-headed ogre
 14516 | D:11     | Noticed Sonja
 14524 | D:11     | Killed Sonja
 14639 | D:11     | Killed a two-headed ogre
 14865 | D:11     | Found a staircase to the Lair.
 15205 | D:12     | Reached skill level 5 in Poison Magic
 15452 | D:12     | Noticed Rupert
 15487 | D:12     | You fall into a shaft and drop 2 floors!
 15539 | D:14     | Found a blossoming altar of Fedhas.
 15553 | D:14     | Noticed a centaur warrior
 15561 | D:14     | Mangled by a centaur warrior

Illustrated notes

Levels and vault maps discovered:
D:1:      dpeg_arrival_refuge, layout_basic, serial_forest,
          infiniplex_forest_side_room, infiniplex_forest_clump_C,
          infiniplex_forest_lined_room_3, infiniplex_forest_clump_long,
          infiniplex_forest_clump_small, infiniplex_forest_clump_tiny,
          infiniplex_forest_clump_C, infiniplex_forest_zigzag_1,
          infiniplex_forest_clump_long, shapermc_ecumenical_altar_venn,
          minmay_circled_x
D:2:      minmay_recursive_quarters, layout_loops_corners, basic_altar,
          kennysheep_generic_room_14
D:3:      layout_rooms, mainiacjoe_overflow_brackets
D:4:      layout_gridville, mainiacjoe_overflow_six_doors_small,
          nicolae_yredelemnul_ghost_church, minmay_temple_entry_slanted,
          minmay_splitting_lines, minmay_misc_feat_doors, uniq_sigmund
D:5:      layout_rooms, roderic_roman_lattice
D:6:      layout_layer_cave, mainiacjoe_overflow_tiny_flanked,
          lemuel_zombie_altar_kikubaaqudgha
D:7:      layout_loops_ring, enter_ossuary_3, due_unseen_surprise, uniq_joseph
D:8:      layout_loops_ring, mainiacjoe_overflow_small_starburst,
          kennysheep_little_box, serial_shops, nicolae_shop_hallway_plus
D:9:      layout_roguey, grunt_qazlal_sundering,
          nemelex_xobeh_ov_fountains_minmay, david_orc_3, special_room
          [special_room_orc], uniq_erolcha
D:10:     layout_roguey, mainiacjoe_overflow_boulevard,
          amcnicky_mini_corridor_feature
D:11:     layout_irregular_city, david_lair_shrubbed, uniq_urug, uniq_sonja
D:12:     layout_loops_cross, uniq_gastronok, uniq_rupert
D:14:     layout_roguey, roderic_lattice_octagonal_star, serial_shops, shop,
          nicolae_trove_entry_crossroad, special_room [special_room_orc],
          fedhas_altar_3, uniq_jorgrun
Temple:   nicolae_temple_hex_pool

Skill      XL: |  1  2  3  4  5  6  7  8  9 10 11 12 |
---------------+-------------------------------------+-----
Unarmed Combat | 4 5 8 10 13 | 13.1
Transmutations | 3 4 5 |  5.6
Poison Magic   | 3 6 |  6.0
Spellcasting   | 5 6 11 | 11.6
Ice Magic      | 4 |  4.0
Fighting       | 2 |  2.0
Conjurations   | 4 |  4.1
Dodging        | |  1.7

Action                   |  1- 3 |  4- 6 |  7- 9 | 10-12 || total
-------------------------+-------+-------+-------+-------++-------
Melee: Unarmed           |    93 |   118 |   207 |   290 ||   708
       Kick              |    17 |     9 |       |       ||    26
       Punch             |       |       |     1 |     2 ||     3
       Falchion          |       |       |    12 |    32 ||    44
Throw: Boomerang         |    11 |    35 |       |     6 ||    52
 Cast: Beastly Appendage |    13 |    12 |       |       ||    25
       Wereblood         |       |     3 |     6 |    14 ||    23
       Spider Form       |       |     8 |    22 |    27 ||    57
       Ice Form          |       |       |    12 |    19 ||    31
       Mephitic Cloud    |       |       |       |    20 ||    20
       Ignite Poison     |       |       |       |     9 ||     9
       Alistair's Intoxi |       |       |       |     2 ||     2
Invok: Sacrifice Artific |       |       |     1 |       ||     1
       Draw Out Power    |       |       |       |     4 ||     4
       Sacrifice Durabil |       |       |       |     1 ||     1
       Power Leap        |       |       |       |     1 ||     1
 Abil: Dig               |       |       |     1 |     1 ||     2
       End Transformatio |       |       |       |     2 ||     2
       Shaft Self        |       |       |       |     1 ||     1
  Use: Scroll            |       |       |     6 |     3 ||     9
       Potion            |       |       |     3 |     1 ||     4
 Stab: Invisible         |       |       |     2 |       ||     2
       Confused          |       |       |       |     6 ||     6
Armor: Robe              |    15 |     8 |     1 |       ||    24
       Skin              |       |       |    48 |    34 ||    82
       Leather armour    |       |       |     1 |    15 ||    16
Dodge: Dodged            |    77 |    68 |   125 |   216 ||   486

Table legend: (Time is in decaauts)
 A = Elapsed time spent in this place.
 B = Non-inter-level travel time spent in this place.
 C = Inter-level travel time spent in this place.
 D = Time resting spent in this place.
 E = Time spent auto-exploring this place.
 F = Levels seen in this place.
 G = Mean time per level.
                   A        B        C        D        E       F      G
               +--------+--------+--------+--------+--------+-----+--------+
         Total |  15491 |  14705 |    786 |   1780 |  10320 |  15 | 1032.7 |
       Dungeon |  15046 |  14280 |    766 |   1668 |  10142 |  13 | 1157.4 |
        Temple |     91 |     71 |     20 |      0 |     61 |   1 |   91.0 |
       Ossuary |    353 |    353 |      0 |    112 |    117 |   1 |  353.0 |
               +--------+--------+--------+--------+--------+-----+--------+

Top non-repeatable levels by time:
     D:6: 2311 daAuts
     D:2: 1857 daAuts
     D:1: 1604 daAuts
     D:4: 1478 daAuts
    D:11: 1428 daAuts
    D:10: 1161 daAuts
     D:7: 1123 daAuts
     D:5: 1067 daAuts
     D:8: 1034 daAuts
     D:9: 917 daAuts
     D:3: 634 daAuts
    D:12: 358 daAuts
 Ossuary: 353 daAuts
  Temple: 91 daAuts
    D:14: 71 daAuts
